 Dungeon Crawl Stone Soup version 0.18.1-8-gdd0e5ea (webtiles) character file.

1476 Hipnos the Magician (level 8, -6/57 HPs)
             Began as a Mummy Wizard on May 22, 2016.
             Was an Initiate of Sif Muna.
             Mangled by a gnoll
             ... wielding a +0 halberd
              (12 damage)
             ... on level 6 of the Dungeon.
             The game lasted 00:36:39 (9433 turns).

Hipnos the Magician (Mummy Wizard)                  Turns: 9433, Time: 00:36:39

Health: -6/57      AC:  3    Str: 11    XL:     8   Next: 49%
Magic:  0/16       EV: 13    Int: 19    God:    Sif Muna [......]
Gold:   244        SH:  0    Dex: 10    Spells: 5 memorised, 7 levels left

rFire  x . .     SeeInvis .     w - +0 spear
rCold  + . .     Gourm    .     a - +0 robe
rNeg   + + +     Faith    .     (no shield)
rPois  ∞         Spirit   +     t - +0 helmet
rElec  .         Dismiss  .     (no cloak)
rCorr  .         Reflect  .     (no gloves)
SustAt .         Harm     .     (no boots)
MR     +....                    s - amulet of guardian spirit
Stlth  ++........               (no ring)
                                (no ring)

@: somewhat resistant to hostile enchantments, unstealthy
A: no food or potions, fire vulnerability, cold resistance 1, negative energy
resistance 3, torment resistance, unbreathing
a: Renounce Religion


You were on level 6 of the Dungeon.
You worshipped Sif Muna.
Sif Muna was noncommittal.
You were not hungry.

You visited 2 branches of the dungeon, and saw 7 of its levels.

You collected 244 gold pieces.

Inventory:

Hand Weapons
 k - a +1 dagger of draining
 w - a +0 spear (weapon)
Armour
 a - a +0 robe (worn)
 b - a +0 hat
 o - a +0 shield
 t - a +0 helmet (worn)
 v - a cursed +0 pair of gloves
Jewellery
 s - an amulet of guardian spirit (around neck)
Wands
 u - a wand of iceblast (9/15)
Scrolls
 d - 7 scrolls of identify
 e - a scroll of enchant armour
 f - a scroll of noise
 i - 2 scrolls of fog
 j - 5 scrolls of remove curse
 l - a scroll of magic mapping
 m - a scroll of random uselessness
 p - 2 scrolls of teleportation {unknown}
 q - 4 scrolls of recharging {unknown}
 r - a scroll of immolation {unknown}
Books
 c - a book of Minor Magic

   Spells                             Type                      Level
   a - Magic Dart                     Conjuration                  1
   b - Blink                          Translocation                2
   c - Call Imp                       Summoning                    2
   d - Repel Missiles                 Charms/Air                   2
   e - Slow                           Hexes                        2
   f - Conjure Flame                  Conjuration/Fire             3
   g - Mephitic Cloud                 Conjuration/Poison/Air       3
 h - a book of Envenomations

   Spells                             Type                      Level
   a - Spider Form                    Transmutation/Poison         3
   b - Olgreb's Toxic Radiance        Poison                       4
   c - Alistair's Intoxication        Transmutation/Poison         5
   d - Poisonous Cloud                Conjuration/Poison/Air       6


   Skills:
 + Level 2.4 Fighting
 + Level 0.7 Polearms
 + Level 4.0 Dodging
 - Level 1.5 Stealth
 + Level 0.4 Shields
 + Level 5.7 Spellcasting
 + Level 2.9 Conjurations
 + Level 5.2 Summonings
 + Level 0.8 Translocations


You had 7 spell levels left.
You knew the following spells:

 Your Spells              Type           Power        Failure   Level  Hunger
a - Magic Dart            Conj           ###.         4%          1    N/A
b - Call Imp              Summ           ####....     1%          2    N/A
c - Blink                 Tloc           N/A          14%         2    N/A
d - Mephitic Cloud        Conj/Pois/Air  #.......     28%         3    N/A
e - Conjure Flame         Conj/Fire      ##......     21%         3    N/A

Dungeon Overview and Level Annotations

Branches:
Dungeon (6/15)             Temple (1/1) D:4

Altars:
Ashenzari
Dithmenos
Fedhas
Gozag
Makhleb
Nemelex Xobeh
Pakellas
Qazlal
Ru
Sif Muna
Trog
Vehumet
Xom
Zin
The Shining One

Shops:
D:4 ?

Annotations:
D:3 BulkMonkey's ghost, amateur MiFi


Innate Abilities, Weirdness & Mutations

You do not eat or drink.
Your flesh is vulnerable to fire.
You are immune to poison.
Your flesh is cold resistant.
You are immune to negative energy.
You are immune to unholy pain and torment.
You can survive without breathing.


Message History

You experience a momentary feeling of inescapable doom!
It was a scroll of random uselessness.
Something barely misses you.
The gnoll barely misses your crimson imp.
Your crimson imp barely misses something.
Read which item? (? for menu, Esc to quit)
As you read the scroll labeled ERYERPH PUPPUU, it crumbles to dust.
You assume a fearsome visage.
Your crimson imp is unaffected.
The orc looks frightened!
The gnoll looks frightened!
It was a scroll of fear.
Something hits your crimson imp but does no damage.
The gnoll begs for mercy.
Your crimson imp closely misses something.
The orc wizard points at you and mumbles some strange words.
Your crimson imp easily resists.
An orc comes into view.
Your crimson imp blinks!
A gnoll sergeant comes into view. It is wielding a trident of venom.
The gnoll sergeant moves out of view.
Cornered, the gnoll turns to fight!
The gnoll hits you from afar with a halberd!
You die...

*,* #oo.##.....######.#
*,****#≈≈≈##.........##..
*,*,,*#.5.##..<.#.##.###.
*,*,**#...##....#........
*,*,*###5###......#......
*,*,*#.8.8.#....#........
*,,,*#.._..#....####.....
*,,**##...###.### ###...
*,,* ##@## #.# #### ****
#..# #.# # ##g# #.# #
#######o# #.# # #.....#.#
#.###########
#......o###............
#....5####..###########
#...5o........÷.# ##
#......########.######.


You could see a gnoll, 2 orcs and 2 friendly crimson imps.

Vanquished Creatures
  An ice beast (D:5)
  A sky beast (D:6)
  2 ogres
  2 phantoms (D:6)
  A centaur (D:5)
  A scorpion (D:4)
  A wight (D:6)
  An orc priest (D:3)
  A centaur skeleton (D:4)
  An iguana (D:6)
  An orc wizard (D:5)
  A worker ant (D:5)
  5 adders
  6 gnolls (D:6)
  An adder skeleton (D:4)
  A worm (D:4)
  2 dart slugs
  3 giant geckos
  2 orcs
  5 bats
  4 giant cockroaches
  3 goblins
  A hobgoblin (D:1)
  7 jackals
  6 kobolds
  3 quokkas
  A ball python (D:2)
  2 giant newts (D:1)
  4 rats
70 creatures vanquished.

Vanquished Creatures (collateral kills)
  Duvessa (D:5)
  An orc warrior (D:6)
  An ogre (D:4)
  Dowan (D:5)
  2 scorpions (D:5)
  3 wights
  A quasit (D:6)
  An orc priest (D:5)
  A gnoll shaman (D:6)
  A jelly (D:6)
  4 orc wizards
  2 centaur skeletons
  An iguana (D:4)
  3 worker ants
  2 hound skeletons
  10 gnolls (D:6)
  8 adders
  An adder skeleton (D:6)
  3 worms
  9 orcs
  A bat (D:2)
  A goblin (D:2)
  A hobgoblin (D:3)
  11 jackals
  2 kobolds (D:2)
  2 quokkas
  3 giant newts
  A jackal skeleton (D:4)
  A rat (D:2)
79 creatures vanquished.

Grand Total: 149 creatures vanquished

Notes
Turn   | Place    | Note
--------------------------------------------------------------
     0 | D:1      | Hipnos the Mummy Wizard began the quest for the Orb.
     0 | D:1      | Reached XP level 1. HP: 13/13 MP: 4/4
    38 | D:1      | Reached skill level 1 in Conjurations
   387 | D:1      | Reached XP level 2. HP: 19/19 MP: 3/6
   965 | D:1      | Learned a level 2 spell: Call Imp
  1113 | D:2      | Found a glowing golden altar of the Shining One.
  1191 | D:2      | Reached skill level 1 in Summonings
  1191 | D:2      | Reached XP level 3. HP: 20/24 MP: 0/7
  2200 | D:3      | Reached XP level 4. HP: 14/30 MP: 1/8
  2365 | D:3      | Found a shattered altar of Ashenzari.
  2658 | D:3      | Noticed BulkMonkey's ghost (amateur MiFi)
  2902 | D:3      | Reached XP level 5. HP: 35/35 MP: 9/9
  2919 | D:3      | Found a shimmering altar of Xom.
  2919 | D:3      | Found a sacrificial altar of Ru.
  3006 | D:3      | Learned a level 2 spell: Blink
  3010 | D:3      | Learned a level 3 spell: Mephitic Cloud
  3014 | D:3      | Found an oddly glowing altar of Pakellas.
  3232 | D:4      | Found a staircase to the Ecumenical Temple.
  3249 | Temple   | Entered the Ecumenical Temple
  3439 | D:4      | Found Wecras's Magic Scroll Shop.
  4200 | D:4      | Noticed an ogre
  4216 | D:4      | Killed an ogre
  4216 | D:4      | Reached XP level 6. HP: 42/42 MP: 2/11
  4673 | D:5      | Entered Level 5 of the Dungeon
  4697 | D:5      | HP: 1/42 [scorpion (10)]
  5186 | D:5      | Noticed an ice beast
  5230 | D:5      | Killed an ice beast
  5230 | D:5      | Reached skill level 1 in Fighting
  5230 | D:5      | Reached XP level 7. HP: 48/48 MP: 3/13
  5387 | D:5      | Found a sacrificial altar of Ru.
  5939 | D:5      | Found a radiant altar of Vehumet.
  5942 | D:5      | Found a bloodstained altar of Trog.
  6486 | D:5      | Noticed Duvessa
  6486 | D:5      | Noticed Dowan
  6678 | D:6      | Learned a level 3 spell: Conjure Flame
  6922 | D:5      | Killed Duvessa
  6930 | D:5      | Killed Dowan
  7272 | D:5      | Found an opulent altar of Gozag.
  7610 | D:5      | Reached skill level 5 in Spellcasting
  7792 | D:6      | Reached XP level 8. HP: 8/56 MP: 2/15
  8431 | D:6      | Found a deep blue altar of Sif Muna.
  8438 | D:6      | Became a worshipper of Sif Muna the Loreminder
  8678 | D:6      | Reached skill level 5 in Summonings
  9433 | D:6      | Mangled by a gnoll

Skill      XL: |  1  2  3  4  5  6  7  8 |
---------------+-------------------------+-----
Conjurations   | 1 2 |  2.9
Summonings     | 1 2 3 4 5 |  5.2
Dodging        | 2 3 4 |  4.0
Spellcasting   | 4 5 |  5.7
Fighting       | 1 2 |  2.4
Polearms       | |  0.7
Stealth        | |  1.5
Shields        | |  0.4
Translocations | |  0.8

Action                   |  1- 3 |  4- 6 |  7- 9 || total
-------------------------+-------+-------+-------++-------
Melee: Unarmed           |    25 |       |       ||    25
       Dagger            |     8 |   105 |   159 ||   272
       Spear             |       |       |   101 ||   101
 Cast: Magic Dart        |    52 |    23 |    17 ||    92
       Call Imp          |    25 |    42 |    81 ||   148
       Blink             |       |     1 |     1 ||     2
  Use: Scroll            |       |     1 |     7 ||     8
 Stab: Distracted        |       |     1 |     2 ||     3
       Sleeping          |       |     1 |       ||     1
Armor: Robe              |    15 |    14 |    58 ||    87
Dodge: Dodged            |    52 |    81 |   214 ||   347
Block: Shield            |       |     8 |       ||     8
